 Dungeon Crawl Stone Soup version 0.30.0-29-ga12c61a403 (webtiles) character file.

Game seed: 1285399186750841636

1075 Fecro the Covert (level 8, -3/39 HPs)
             Began as a Spriggan Brigand on June 10, 2023.
             Was an Initiate of Dithmenos.
             Slain by a gnoll sergeant
             ... wielding a +0 spear
              (4 damage)
             ... on level 6 of the Dungeon on June 11, 2023.
             The game lasted 01:47:40 (6724 turns).

Fecro the Covert (Spriggan Brigand)                 Turns: 6724, Time: 01:47:40

Health: -3/39      AC: -7    Str:  7    XL:     8   Next: 8%
Magic:  9/9        EV: 17    Int: 13    God:    Dithmenos [......]
Gold:   302        SH:  0    Dex: 18    Spells: 7/7 levels left

rFire   . . .        p - +0 sling
rCold   + . .        (no shield)
rNeg    . . .        v - +2 robe {rC+}
rPois   .            (helmet restricted)
rElec   .            c - +0 cloak
rCorr   .            (gloves unavailable)
SInv    +            (boots unavailable)
Will    +....        (no amulet)
Stlth   ++++         (no ring)
HPRegen 0.26/turn    (no ring)
MPRegen 0.11/turn

%: no passive effects
@: corroded, very quick
A: very small, no large weapons, unfitting armour, see invisible, speed 3
a: Renounce Religion


You were on level 6 of the Dungeon.
You worshipped Dithmenos.
Dithmenos was noncommittal.
You visited 2 branches of the dungeon, and saw 7 of its levels.

You collected 302 gold pieces.

Inventory:

Hand Weapons
 o - a +3 dagger
 p - a +0 sling (weapon)
 C - a +0 shortbow
Missiles
 d - 2 poisoned darts
 e - a curare-tipped dart
 f - 31 stones
Armour
 c - a +0 cloak (worn)
 v - a +2 robe of cold resistance (worn)
Jewellery
 k - an amulet of magic regeneration
 x - a ring of protection from fire
Wands
 y - a wand of quicksilver (7)
 z - a wand of mindburst (12)
Scrolls
 a - 9 scrolls of noise {unknown}
 b - a scroll of amnesia {unknown}
 h - 2 scrolls of teleportation {unknown}
 j - 2 scrolls of fear {unknown}
 l - 3 scrolls of brand weapon {unknown}
 m - 2 scrolls of immolation {unknown}
 n - a scroll of vulnerability {unknown}
 q - 5 scrolls of magic mapping {unknown}
 s - 7 scrolls of identify {unknown}
 t - a scroll of poison {unknown}
 B - a scroll of enchant armour {unknown}
Potions
 g - a potion of attraction {unknown}
 i - 4 potions of mutation {unknown}
 r - 3 potions of curing {unknown}
 u - a potion of flight {unknown}
 w - 2 potions of degeneration {unknown}
 A - a potion of ambrosia {unknown}


   Skills:
 + Level 2.9 Fighting
 + Level 3.0 Short Blades
 + Level 5.8 Ranged Weapons
 + Level 4.3 Throwing
 + Level 2.6 Dodging
 + Level 9.2 Stealth


You had 7 spell levels left.
You didn't know any spells.
Your spell library contained the following spells:

 Spells                   Type           Power      Damage    Failure   Level
 Ensorcelled Hibernation  Hex/Ice        0%         N/A       43%         2
 Lesser Beckoning         Tloc           0%         N/A       43%         2
 Passwall                 Tmut/Erth      0%         N/A       43%         2
 Gell's Gravitas          Tloc           0%         N/A       67%         3
 Ignite Poison            Fire/Tmut/Pois 0%         N/A       67%         3
 Swiftness                Air            0%         N/A       67%         3
 Teleport Other           Tloc           0%         N/A       67%         3
 Sticky Flame             Conj/Fire      0%         2d3       97%         4
 Ignition                 Fire           0%         3d3       100%        8


Dungeon Overview and Level Annotations

Branches:
Dungeon (6/15)             Temple (1/1) D:5

Altars:
Ashenzari
Cheibriados
Dithmenos
Elyvilon
Fedhas
Gozag
Hepliaklqana
Kikubaaqudgha
Makhleb
Nemelex Xobeh
Qazlal
Ru
Sif Muna
Trog
Uskayaw
Vehumet
Xom
Yredelemnul
The Shining One


Innate Abilities, Weirdness & Mutations

You are very small and have problems with some larger weapons.
You are too small for most types of armour.
You have supernaturally acute eyesight. (SInv)
You cover ground extremely quickly. (Speed+++)


Message History

Press: ? - help, Q - select action, (/) - cycle Shift-Dir - straight line, f/p - gnoll sergeant
Aim: a gnoll sergeant, wielding a +0 spear and wearing a +0 ring mail (71% to hit)
You throw a poisoned dart. The poisoned dart hits the jelly.
You hit the jelly.
Your hands burn!
The jelly is lightly wounded.
The jelly completely misses you.
The gnoll sergeant completely misses you.
You hit the jelly.
Your hands burn!
The jelly is moderately wounded.
The jelly hits you. The acid corrodes you!
You are splashed with acid.
The gnoll sergeant misses you.
You completely miss the jelly.
The jelly is moderately wounded.
The jelly misses you.
The gnoll sergeant hits you from afar with a +0 spear.
There is an open door here.
p - a +0 sling (weapon)
Fire: p) +0 sling
Press: ? - help, Q - select action, (/) - cycle Shift-Dir - straight line, f - jelly
Aim: a jelly (moderately wounded, 90% to hit)
You shoot a sling bullet. The sling bullet hits the jelly.
The jelly is severely wounded.
There is a stone staircase leading up here.
Fire: p) +0 sling
Press: ? - help, Q - select action, (/) - cycle Shift-Dir - straight line, f/p - jelly
Aim: a jelly (severely wounded, 90% to hit)
You shoot a sling bullet.
The sling bullet hits the jelly but does no damage.
The jelly is severely wounded.
Fire: p) +0 sling
Press: ? - help, Q - select action, (/) - cycle Shift-Dir - straight line, f/p - jelly
Aim: a jelly (severely wounded, 90% to hit)
You shoot a sling bullet. The sling bullet hits the jelly.
The jelly is almost dead.
The jelly hits you. The acid corrodes you!
You are splashed with acid!
The gnoll sergeant barely misses you. The jelly hits you.
The acid corrodes you!
You are splashed with acid!
* * * LOW HITPOINT WARNING * * *
The gnoll sergeant hits you from afar with a +0 spear.
You die...

............. ...............
#..............
#..............
#..............
#.............. #...........#
#...@.......#
##########...J.......#
#.............gg.....# #...
#..............g.....# #...
#........).#####g##########...
#..........# #.####.....#...
#..........# #...ggg.).(#g..
#..........# #####........g.
#[.........# #.....(#g..


You could see a gnoll sergeant, a jelly and 3 gnolls.

Vanquished Creatures
  3 ogres
  2 sky beasts (D:4)
  A hound (D:5)
  4 orc priests
  3 jellies
  3 iguanas
  Jessica (D:3)
  3 orc wizards
  Robin (D:2)
  7 adders
  A gnoll (D:6)
  2 worms (D:2)
  6 dart slugs
  19 orcs
  12 endoplasms
  9 hobgoblins
  3 jackals (D:4)
  12 kobolds
  2 quokkas
  4 ball pythons
  3 bats (D:1)
  A frilled lizard (D:2)
  14 goblins
  4 rats
120 creatures vanquished.

Notes
Turn   | Place    | Note
-------+----------+-------------------------------------------
     0 | D:1      | Fecro the Spriggan Brigand began the quest for the Orb.
     0 | D:1      | Reached XP level 1. HP: 10/10 MP: 2/2
   163 | D:1      | Reached skill level 6 in Stealth
   666 | D:2      | Reached XP level 2. HP: 15/15 MP: 3/3
   713 | D:2      | Noticed Robin
   744 | D:2      | Killed Robin
   745 | D:2      | Reached skill level 7 in Stealth
   833 | D:2      | Reached XP level 3. HP: 12/18 MP: 4/4
  1456 | D:2      | Reached XP level 4. HP: 23/23 MP: 5/5
  1589 | D:3      | Noticed a +0 spear
  1589 | D:3      | Noticed a +0 short sword
  1589 | D:3      | Noticed a +0 falchion
  1589 | D:3      | Noticed a +0 spear
  1590 | D:3      | Noticed a +0 dagger
  1590 | D:3      | Noticed a +0 falchion
  1590 | D:3      | Noticed a +0 short sword
  1648 | D:2      | Reached skill level 8 in Stealth
  1790 | D:3      | Reached skill level 1 in Ranged Weapons
  2232 | D:3      | Noticed a +0 dagger
  2237 | D:3      | Found a faded altar of an unknown god.
  2416 | D:3      | Found a hide-covered altar of Uskayaw.
  2481 | D:2      | Reached XP level 5. HP: 26/26 MP: 6/6
  2537 | D:3      | Found a hazy altar of Hepliaklqana.
  2878 | D:3      | Found a sparkling altar of Nemelex Xobeh.
  2880 | D:3      | Found a basalt altar of Yredelemnul.
  3098 | D:3      | Noticed Jessica
  3101 | D:3      | Killed Jessica
  3555 | D:3      | Reached XP level 6. HP: 30/30 MP: 7/7
  3836 | D:4      | Noticed a sky beast
  4473 | D:4      | Noticed a sky beast
  4509 | D:4      | Killed a sky beast
  4510 | D:4      | Reached skill level 5 in Ranged Weapons
  4510 | D:4      | Reached XP level 7. HP: 35/35 MP: 8/8
  4686 | D:4      | Found a shimmering blue altar of Sif Muna.
  5008 | D:5      | Entered Level 5 of the Dungeon
  5108 | D:5      | Found a staircase to the Ecumenical Temple.
  5156 | D:5      | Reached skill level 9 in Stealth
  5882 | Temple   | Entered the Ecumenical Temple
  6092 | Temple   | Became a worshipper of Dithmenos the Shadowed
  6598 | D:5      | Reached XP level 8. HP: 39/39 MP: 9/9
  6724 | D:6      | HP: 1/39 [acid (11)]
  6724 | D:6      | Slain by a gnoll sergeant

Illustrated notes

Levels and vault maps discovered:
D:1:      dpeg_arrival_rooms_b, layout_basic
D:2:      layout_loops_ring, minmay_misc_feat_rows, uniq_robin
D:3:      cheibrodos_fertilizer, layout_basic, mainiacjoe_overflow_big_doors,
          mainiacjoe_overflow_cross_hatched, nicolae_uskayaw_en_pointe,
          ebering_ecumenical_altar_box, serial_bayou_ford_a, uniq_jessica
D:4:      layout_cave_pools, general_overflow_altar, minmay_goblin_outpost
D:5:      layout_loops_cross, minmay_temple_entry_trees
D:6:      layout_basic, minivault_5
Temple:   jpeg_temple_clearing

Skill      XL: |  1  2  3  4  5  6  7  8 |
---------------+-------------------------+-----
Stealth        | 6 7 8 9 |  9.2
Dodging        | 2 |  2.6
Ranged Weapons | 2 3 5 |  5.8
Fighting       | 2 |  2.9
Throwing       | 4 |  4.3
Short Blades   | 3 |  3.0

Action                     |  1- 3 |  4- 6 |  7- 9 || total
---------------------------+-------+-------+-------++-------
  Melee: Dagger            |    39 |    47 |    43 ||   129
         Punch             |       |       |     2 ||     2
   Fire: Sling             |     9 |   192 |    38 ||   239
  Throw: Dart              |    13 |    35 |    69 ||   117
         Stone             |     1 |     7 |       ||     8
   Stab: Sleeping          |    13 |    12 |     5 ||    30
         Distracted        |       |       |     1 ||     1
 Armour: Robe              |     5 |     7 |     4 ||    16
  Dodge: Dodged            |    18 |    50 |    48 ||   116
  Block: Buckler           |     2 |     1 |       ||     3
